 Dungeon Crawl Stone Soup version 0.30.1-9-gdf580d7c3d (webtiles) character file.

Game seed: 16487604674891131898

336 Anriel the Shooter (level 6, -7/47 HPs)
             Began as a Human Hunter on Oct 5, 2023.
             Mangled by a killer bee (8 damage)
             ... on level 3 of the Dungeon.
             The game lasted 00:17:53 (2602 turns).

Anriel the Shooter (Human Hunter)                   Turns: 2602, Time: 00:17:54

Health: -7/47      AC:  4    Str:  9 (11) XL:     6   Next: 84%
Magic:  6/6        EV: 13    Int:  6 (9)  God:
Gold:   169        SH:  0    Dex: 17 (19) Spells: 5/5 levels left

rFire   + . .        a - +1 shortbow
rCold   + . .        (shield currently unavailable)
rNeg    . . .        c - +0 leather armour
rPois   +            p - +0 helmet
rElec   +            (no cloak)
rCorr   +            (no gloves)
SInv    .            (no boots)
Will    .....        m - amulet of regeneration
Stlth   ++           (no ring)
HPRegen 1.07/turn    (no ring)
MPRegen 0.10/turn

%: no passive effects
@: lethally poisoned (-7 -> -8), resistant
A: no striking features
a: no special abilities


You were on level 3 of the Dungeon.
You visited 1 branch of the dungeon, and saw 4 of its levels.

You collected 169 gold pieces.

Inventory:

Hand Weapons
 a - a +1 shortbow (weapon)
 l - a +0 falchion
Armour
 c - a +0 leather armour (worn)
 p - a +0 helmet (worn)
Jewellery
 f - a ring of flight
 m - an amulet of regeneration (around neck)
Wands
 q - a wand of flame (20)
Scrolls
 b - a scroll of immolation
 r - a scroll of silence {unknown}
 s - a scroll of noise {unknown}
Potions
 d - 2 potions of magic
 h - a potion of might {unknown}
 i - a potion of mutation {unknown}
 j - a potion of invisibility
 o - a potion of lignification {unknown}


   Skills:
 - Level 3.0 Fighting
 * Level 2.3 Long Blades
 - Level 4.0 Ranged Weapons
 - Level 3.0 Armour
 + Level 3.5 Dodging
 + Level 3.3 Stealth


You had 5 spell levels left.
You didn't know any spells.
Your spell library contained the following spells:

 Spells                   Type           Power      Damage    Failure   Level
 Ozocubu's Armour         Ice            0%         N/A       90%         3
 Anguish                  Hex/Necr       0%         N/A       100%        4
 Cause Fear               Hex            0%         N/A       100%        4
 Enfeeble                 Hex            0%         N/A       100%        7
 Ozocubu's Refrigeration  Ice            0%         4d7       100%        7


Dungeon Overview and Level Annotations

Branches:
Dungeon (4/15)
 Temple: D:4-7

Altars:
Cheibriados

Shops:
D:1 (


Message History

You shoot an arrow.
The arrow hits the killer bee but does no damage.
The killer bee is moderately wounded.
The killer bee barely misses you.
The killer bee stings you but does no damage.
The killer bee barely misses you.
You shoot an arrow. The arrow misses the killer bee.
The killer bee stings you! The killer bee completely misses you.
The killer bee barely misses you.
You shoot an arrow. The arrow barely misses the killer bee.
The killer bee closely misses you. The killer bee stings you.
You shoot an arrow. The arrow hits the killer bee!
The killer bee is almost dead.
The killer bee stings you. The killer bee closely misses you.
The killer bee barely misses you.
You shoot an arrow. The arrow misses the killer bee.
The killer bee buzzes angrily.
The killer bee stings you.
* * * LOW HITPOINT WARNING * * *
The killer bee barely misses you. The killer bee stings you.
* * * LOW HITPOINT WARNING * * *
Unknown command.
The killer bee stings you.
* * * LOW HITPOINT WARNING * * *
You are lethally poisoned!
The killer bee poisons you!
You climb upwards.
* * * LOW HITPOINT WARNING * * *
You feel very sick.
There is a stone staircase leading down here.
Okay, then.
It was a potion of degeneration.
There was something very wrong with that liquid.
You feel weakened.
You feel dopey.
You feel clumsy.
* * * LOW HITPOINT WARNING * * *
You feel sick. The killer bee barely misses you. x2
It was a potion of resistance.
You feel protected.
* * * LOW HITPOINT WARNING * * *
You feel sick. The killer bee stings you!
You die...

.#######.#.......#
.# #.#.###.#.# .#
#.#.....#.# .#
#.#.#####.########
.#
##................#
.#
#......###.######.#
.# #......# #.# #.#
.######......###.#
#.#
................@#
#.#
.#.........#####y#
#.# .#.#.....###
#.# #.# .#.#....†#
#.# #.# .#.#.....#
#.# #.# ##.#.....#
#.# #.#
##.#....[#######.#
#.#
##.#..........##.#
#.#
##.##.#######.##.#
#.###


You could see a killer bee.

Vanquished Creatures
  2 killer bees (D:4)
  Jessica (D:3)
  Natasha (thrice) (D:2)
  An orc wizard (D:4)
  3 adders
  A worm (D:2)
  2 dart slugs
  15 orcs
  4 endoplasms
  6 goblins
  8 hobgoblins
  6 jackals
  A quokka (D:1)
  9 ball pythons
  7 bats
  3 frilled lizards
  4 kobolds
  3 rats (D:2)
79 creatures vanquished.

Notes
Turn   | Place    | Note
-------+----------+-------------------------------------------
     0 | D:1      | Anriel the Human Hunter began the quest for the Orb.
     0 | D:1      | Reached XP level 1. HP: 16/16 MP: 1/1
   287 | D:1      | Reached XP level 2. HP: 22/22 MP: 2/2
   313 | D:1      | Reached skill level 1 in Armour
   344 | D:1      | Found Otiet's Weapon Emporium.
   593 | D:2      | Reached XP level 3. HP: 7/27 MP: 3/3
   784 | D:2      | Found a faded altar of an unknown god.
  1091 | D:2      | Noticed Natasha
  1102 | D:2      | Killed Natasha
  1103 | D:2      | Reached XP level 4. HP: 23/34 MP: 4/4
  1414 | D:2      | Noticed Natasha
  1416 | D:2      | Killed Natasha
  1465 | D:2      | Noticed Natasha
  1469 | D:2      | Killed Natasha
  1470 | D:2      | Reached XP level 5. HP: 40/40 MP: 5/5
  1512 | D:3      | Noticed Jessica
  1515 | D:3      | Killed Jessica
  2003 | D:3      | Reached XP level 6. HP: 47/47 MP: 6/6
  2057 | D:3      | Reached skill level 1 in Long Blades
  2263 | D:4      | Noticed an ogre
  2408 | D:4      | Found a snail-covered altar of Cheibriados.
  2567 | D:4      | HP: 2/47 [killer bee (6)]
  2600 | D:3      | HP: 1/47 [poisoned by a killer bee]
  2602 | D:3      | Mangled by a killer bee

Illustrated notes

Levels and vault maps discovered:
D:1:      psy_arrival_dodecagon, layout_basic, serial_shops, shop
D:2:      layout_basic, nicolae_ecumenical_snake_handling, serial_curves,
          eino_curves_01, eino_curves_02, eino_curves_03, eino_curves_02,
          uniq_natasha
D:3:      minmay_recursive_quarters, layout_basic, uniq_jessica
D:4:      layout_basic, kennysheep_slug_shrine, minivault_5,
          minmay_crystal_water, uniq_robin

Skill      XL: |  1  2  3  4  5  6 |
---------------+-------------------+-----
Armour         | 1 2 3 |  3.0
Stealth        | 2 3 |  3.3
Dodging        | 3 |  3.5
Fighting       | 3 |  3.0
Long Blades    | 2 |  2.3
Ranged Weapons | |  4.0

Action                     |  1- 3 |  4- 6 || total
---------------------------+-------+-------++-------
  Melee: Short sword       |    25 |    43 ||    68
         Falchion          |       |    69 ||    69
         Punch             |       |     5 ||     5
   Fire: Shortbow          |    75 |    92 ||   167
    Use: Scroll            |     4 |     5 ||     9
         Potion            |     1 |     8 ||     9
   Stab: Sleeping          |       |     1 ||     1
 Armour: Leather armour    |    13 |    27 ||    40
  Dodge: Dodged            |    51 |   143 ||   194
